 Dungeon Crawl Stone Soup version 0.14-a0-102-g2341383 (console) character file.

13585 Kellhus the Destroyer (level 12, 63/63 HPs)
             Began as a Gargoyle Wizard on Oct 2, 2013.
             Was a Priest of Vehumet.
             Quit the game on Level 11 of the Dungeon.
             The game lasted 00:41:26 (16024 turns).

Kellhus the Destroyer (Gargoyle Wizard)            Turns: 16024, Time: 00:41:26

HP  63/63        AC 17     Str 11      XL: 12   Next:  0%
MP  19/30        EV 11     Int 24      God: Vehumet [***...]
Gold 659         SH  0     Dex  8      Spells:  6 memorised, 17 levels left

Res.Fire  : . . .   See Invis. : .   G - +0,+1 long sword (flame)
Res.Cold  : . . .   Warding    : .   a - +0 robe
Life Prot.: + . .   Conserve   : .   (no shield)
Res.Poison: +       Res.Corr.  : +   N - +0 helmet
Res.Elec. : +       Clarity    : .   Q - +2 cloak
Sust.Abil.: . .     Spirit.Shd : .   o - +0 pair of gauntlets
Res.Mut.  : .       Stasis     : .   b - +1 pair of dwarf boots
Res.Rott. : +       Flight     : .   F - amulet of resist corrosion
Saprovore : . . .                    (no ring)
                                     x - cursed +0,+6 ring of slaying

@: somewhat resistant to hostile enchantments, unstealthy
A: fangs 1, talons 2, life protection 1, electricity resistance, slow metabolism
1, unbreathing, petrification resistance, AC +8
a: Renounce Religion


You were on level 11 of the Dungeon.
You worshipped Vehumet.
Vehumet was most pleased with you.
You were not hungry.

You visited 2 branches of the dungeon, and saw 12 of its levels.
You also visited: Sewer.

You collected 639 gold pieces.

Inventory:

Hand weapons
 G - a +0,+1 long sword of flaming (weapon)
 J - a cursed -2,+1 dwarven dagger
 K - a +4,+2 short sword
Armour
 a - a +0 robe (worn)
 b - a +1 pair of dwarven boots (worn)
 o - a +0 pair of gauntlets (worn)
 N - a +0 helmet (worn)
 Q - a +2 cloak (worn)
Magical devices
 g - a wand of polymorph (1)
 k - a wand of lightning (6) {unknown}
 u - a wand of random effects (9)
 v - a wand of flame (8)
 y - a wand of heal wounds (6)
 C - a wand of paralysis (5) {unknown}
 V - a wand of draining (6) {unknown}
 W - a wand of teleportation (3) {unknown}
Comestibles
 d - 6 bread rations
 i - 4 apples
 p - 4 pears
 t - 2 sausages
 z - 2 meat rations
 M - 2 apricots
 S - a banana
Scrolls
 e - 3 scrolls of random uselessness
 h - a scroll of fog
 j - 5 scrolls of remove curse
 l - 5 scrolls of fear
 n - a scroll of enchant weapon II {unknown}
 q - 7 scrolls of teleportation
 s - a scroll of blinking
 O - 2 scrolls of recharging
 R - a scroll of vulnerability {unknown}
 T - a scroll of noise {unknown}
 U - a scroll of enchant weapon I {unknown}
Jewellery
 x - a cursed +0,+6 ring of slaying (left hand)
 F - an amulet of resist corrosion (around neck)
Potions
 f - 5 potions of curing
 m - 2 potions of brilliance
 r - a potion of speed {unknown}
 w - a potion of berserk rage {unknown}
 B - 2 potions of poison {unknown}
 D - 4 potions of might
 E - a potion of agility {unknown}
 H - 3 potions of heal wounds
 I - a potion of invisibility {unknown}
 L - a potion of mutation {unknown}
 P - 2 potions of flight
Books
 c - a book of Minor Magic

   Spells                             Type                      Level
   *Magic Dart                        Conjuration                  1
   *Blink                             Translocation                2
   Call Imp                           Summoning                    2
   *Repel Missiles                    Charms/Air                   2
   Slow                               Hexes                        2
   *Conjure Flame                     Conjuration/Fire             3
   *Mephitic Cloud                    Conjuration/Poison/Air       3


   Skills:
 - Level 5.0 Fighting
 - Level 1.5 Dodging
 - Level 2.1 Stealth
 - Level 10.0 Spellcasting
 - Level 15.0 Conjurations
   Level 0.8 Summonings
 - Level 0.8 Translocations
 + Level 5.2 Earth Magic


You had 17 spell levels left.
You knew the following spells:

 Your Spells              Type           Power        Failure   Level  Hunger
a - Stone Arrow           Conj/Erth      ######       1%          3    None
b - Conjure Flame         Conj/Fire      #####...     1%          3    None
c - Mephitic Cloud        Conj/Pois/Air  #####...     1%          3    None
d - Magic Dart            Conj           ####         0%          1    None
l - Blink                 Tloc           N/A          8%          2    None
r - Repel Missiles        Chrm/Air       ##........   10%         2    None


Dungeon Overview and Level Annotations

Branches:
Dungeon (11/27)            Temple (1/1) D:7             Orc (0/4) D:8
   Lair (0/8) D:11

Altars:
Ashenzari
Cheibriados
Elyvilon
Fedhas
Kikubaaqudgha
Makhleb
Nemelex Xobeh
Okawaru
Sif Muna
Trog
Vehumet
Xom
Yredelemnul
Zin
the Shining One

Shops:
D:9 }*!   D:11 *

Portals:
Trove: D:10 (give +6,+5 demon blade)

Annotations:
D:3 nage's ghost, average SpTm
D:8 exclusion: downstairs


Innate Abilities, Weirdness & Mutations

You are resistant to torment.
You are immune to poison.
Your stone body is very resilient (AC +8).
You have very sharp teeth.
You have razor-sharp toenails.
You resist negative energy.
You are resistant to electric shocks.
You have a slow metabolism.
You can survive without breathing.
You are immune to petrification.


Message History

Aiming: Stone Arrow
Press: ? - help, Shift-Dir - straight line, f/p - hill giant
Aim: a hill giant, wielding a giant club (heavily wounded)
The stone arrow hits the hill giant.
The hill giant is severely wounded.
Casting: Stone Arrow
Confirm with . or Enter, or press ? or * to list all spells.
Aiming: Stone Arrow
Press: ? - help, Shift-Dir - straight line, f/p - hill giant
Aim: a hill giant, wielding a giant club (severely wounded)
The stone arrow hits the hill giant.
You kill the hill giant!
Vehumet accepts your kill.
Your Earth Magic skill increases to level 5!
You have reached level 12!
Your experience leads to an increase in your attributes!
Increase (S)trength, (I)ntelligence, or (D)exterity?
You feel clever.
You feel stronger.
The orc hits something.
Are you sure you want to abandon this character and quit the game? (Confirm with "yes".)

#...>.....#......
...........#......
........<..#...... .
...........####'## ...
#######.......... .o..
#.......... .....
#..........
.).....##########..........
........).@..............<.
..o#############.......####
#.##'##.# # #.#...#.# #
#.#...#.# # #.#...#.# +
#.#...#.# # #.#...#.# #
#############.#...#.# #


You could see an orc (confused).

Vanquished Creatures
  The ghost of Zifmia the Cleaver, an experienced HOAK of Lugonu (D:7)
  3 skeletal warriors (D:10)
  3 hill giants
  A human (D:8)
  A feature mimic (D:10)
  A griffon zombie (D:10)
  6 yaks
  2 wyverns (D:8)
  3 hippogriffs
  2 manticores (D:10)
  A naga (D:8)
  7 orc warriors
  3 sky beasts
  3 ogres
  4 ice beasts
  7 phantoms
  A crocodile (D:9)
  A centaur (D:11)
  3 wargs
  5 giant frogs
  A wyvern zombie (D:8)
  Blork the orc (D:7)
  6 big kobolds
  A cyclops zombie (D:10)
  A gnoll sergeant (D:10)
  6 killer bees
  A hippogriff zombie (D:8)
  9 wights
  6 crimson imps
  10 hounds
  A draconian (D:8)
  A goliath beetle (D:6)
  A giant frog skeleton (D:8)
  7 orc priests
  4 scorpions
  A giant frog zombie (D:11)
  12 worker ants
  15 orc wizards
  2 iguanas
  A hound skeleton (D:6)
  A mummy (D:10)
  A worker ant zombie (D:10)
  14 adders
  3 green rats
  5 giant centipedes
  4 gnolls (D:10)
  7 giant mites
  4 worms
  2 inept feature mimics
  A giant centipede zombie (D:9)
  4 grey rats
  6 giant eyeballs
  7 giant geckos
  5 oozes
  48 orcs
  2 bat skeletons
  A bat zombie (D:5)
  A giant mite zombie (D:5)
  15 goblins
  16 hobgoblins
  7 jackals
  6 quokkas
  3 ball pythons
  24 bats
  6 giant cockroaches
  7 giant newts
  2 giant spores
  3 hobgoblin skeletons
  28 kobolds
  19 rats
  A rat skeleton (D:6)
  5 ballistomycetes
403 creatures vanquished.

Vanquished Creatures (collateral kills)
  A giant mite (D:6)
1 creature vanquished.

Grand Total: 404 creatures vanquished

Notes
Turn   | Place    | Note
--------------------------------------------------------------
     0 | D:1      | Kellhus, the Gargoyle Wizard, began the quest for the Orb.
     0 | D:1      | Reached XP level 1. HP: 8/8 MP: 5/5
   376 | D:1      | Reached XP level 2. HP: 13/13 MP: 0/7
  1055 | D:2      | Reached XP level 3. HP: 17/17 MP: 7/9
  1345 | D:2      | Reached skill level 4 in Conjurations
  1345 | D:2      | Reached XP level 4. HP: 22/22 MP: 4/11
  1700 | D:2      | Found a white marble altar of Elyvilon.
  2437 | D:3      | Reached skill level 5 in Conjurations
  2687 | D:3      | Noticed nage's ghost (average SpTm)
  2700 | D:4      | Noticed a phantom
  2715 | D:3      | Learned a level 3 spell: Conjure Flame
  2719 | D:3      | Learned a level 3 spell: Mephitic Cloud
  2875 | D:4      | Reached XP level 5. HP: 18/26 MP: 4/12
  3344 | D:4      | Reached skill level 6 in Conjurations
  3537 | D:4      | Killed a phantom
  3537 | D:4      | Reached XP level 6. HP: 31/31 MP: 5/14
  3738 | D:4      | Reached skill level 7 in Conjurations
  4041 | D:5      | Entered Level 5 of the Dungeon
  4113 | D:5      | Reached XP level 7. HP: 35/35 MP: 4/18
  4303 | D:5      | Paralysed by a giant eyeball for 2 turns
  4388 | D:5      | Found a glowing drain.
  4395 | Sewer    | Entered a sewer
  4620 | Sewer    | Reached skill level 5 in Spellcasting
  5154 | Sewer    | Reached XP level 8. HP: 34/40 MP: 4/21
  6146 | D:6      | Reached skill level 8 in Conjurations
  6373 | D:6      | Reached skill level 9 in Conjurations
  6944 | D:6      | Reached skill level 10 in Conjurations
  6944 | D:6      | Reached XP level 9. HP: 44/44 MP: 19/23
  7124 | D:6      | Found a sparkling altar of Nemelex Xobeh.
  7650 | D:6      | Reached skill level 11 in Conjurations
  8114 | D:7      | Paralysed by a giant eyeball for 3 turns
  8121 | D:7      | Paralysed by a giant eyeball for 3 turns
  8406 | D:7      | Found a staircase to the Orcish Mines.
  8712 | D:7      | the staircase to the Orcish Mines was a mimic.
  8719 | D:7      | Paralysed by a giant eyeball for 2 turns
  8920 | D:7      | Found a staircase to the Ecumenical Temple.
  8937 | Temple   | Entered the Ecumenical Temple
  9158 | Temple   | Became a worshipper of Vehumet
  9538 | D:7      | Noticed Blork the orc
  9624 | D:7      | Noticed Zifmia's ghost (experienced HOAK)
  9637 | D:7      | Killed Zifmia's ghost
  9637 | D:7      | Reached XP level 10. HP: 45/48 MP: 14/27
  9735 | D:7      | Killed Blork the orc
 10185 | D:8      | Reached skill level 10 in Spellcasting
 10269 | D:8      | Learned a level 2 spell: Blink
 10272 | D:8      | Learned a level 2 spell: Repel Missiles
 10366 | D:8      | Paralysed by a giant eyeball for 4 turns
 10552 | D:8      | Acquired Vehumet's first power
 10552 | D:8      | Offered knowledge of Freeze by Vehumet.
 10566 | D:8      | Found a basalt altar of Yredelemnul.
 10741 | D:8      | Noticed a human
 10749 | D:8      | Killed a human
 10871 | D:8      | Reached skill level 12 in Conjurations
 11066 | D:8      | Found a staircase to the Orcish Mines.
 11554 | D:9      | Found Thrilod's Gadget Boutique.
 11554 | D:9      | Noticed a hill giant
 11780 | D:9      | Found Ylorason's General Store.
 12018 | D:9      | Found Kaes' Distillery.
 12131 | D:9      | Reached skill level 13 in Conjurations
 12133 | D:9      | Reached skill level 1 in Fighting
 12237 | D:9      | Killed a hill giant
 12237 | D:9      | Reached XP level 11. HP: 55/57 MP: 14/29
 12511 | D:9      | Reached skill level 5 in Fighting
 12573 | D:9      | Offered knowledge of Shock by Vehumet.
 12849 | D:9      | Found a blossoming altar of Fedhas.
 12969 | D:10     | Entered Level 10 of the Dungeon
 13567 | D:10     | Noticed a skeletal warrior
 13587 | D:10     | Killed a skeletal warrior
 13826 | D:10     | Noticed a skeletal warrior
 13849 | D:10     | Killed a skeletal warrior
 13849 | D:10     | Reached skill level 14 in Conjurations
 13939 | D:10     | Noticed a skeletal warrior
 14439 | D:10     | Offered knowledge of Stone Arrow by Vehumet.
 14444 | D:10     | Learned a level 3 spell: Stone Arrow
 14504 | D:10     | Killed a skeletal warrior
 14787 | D:10     | Noticed a hill giant
 14792 | D:10     | Killed a hill giant
 14883 | D:10     | Reached skill level 15 in Conjurations
 15169 | D:10     | Acquired Vehumet's second power
 15277 | D:10     | Found a portal to a secret trove of treasure.
 15473 | D:11     | Noticed a five-headed hydra
 15671 | D:11     | Offered knowledge of Iskenderun's Mystic Blast by Vehumet.
 15735 | D:11     | Found Phaam's General Store.
 15744 | D:11     | Found a staircase to the Lair.
 16012 | D:11     | Noticed a hill giant
 16023 | D:11     | Killed a hill giant
 16023 | D:11     | Reached skill level 5 in Earth Magic
 16023 | D:11     | Reached XP level 12. HP: 63/63 MP: 19/30
 16024 | D:11     | Quit the game

Action                   |  1- 3 |  4- 6 |  7- 9 | 10-12 || total
-------------------------+-------+-------+-------+-------++-------
Melee: Unarmed           |     6 |       |       |       ||     6
       Mace              |       |     1 |    17 |       ||    18
       Falchion          |       |       |   111 |    12 ||   123
       Long sword        |       |       |       |    66 ||    66
 Cast: Magic Dart        |    70 |   157 |   604 |   536 ||  1367
       Mephitic Cloud    |       |     4 |    24 |    16 ||    44
       Conjure Flame     |       |       |     7 |    40 ||    47
       Stone Arrow       |       |       |       |    75 ||    75
       Blink             |       |       |       |     2 ||     2
       Repel Missiles    |       |       |       |     1 ||     1
Evoke: Wand              |       |     1 |     2 |     2 ||     5
  Use: Scroll            |       |       |    17 |     5 ||    22
 Stab: Confused          |       |       |     6 |     1 ||     7
